 Dungeon Crawl Stone Soup version 0.16-a0-3194-g9356553 (webtiles) character file.

293 oak1780 the Charmwright (level 6, -5/47 HPs)
             Began as a Merfolk Skald on Dec 17, 2014.
             Slain by an ogre
             ... wielding a +0 giant spiked club
              (11 damage)
             ... on level 4 of the Dungeon.
             The game lasted 01:04:44 (5803 turns).

oak1780 the Charmwright (Merfolk Skald)             Turns: 5803, Time: 01:04:45

Health: -5/47      AC:  6    Str: 13    XL:     6   Next: 33%
Magic:  11/11      EV: 10    Int: 13    God:
Gold:   111        SH:  0    Dex: 13    Spells: 3 memorised, 5 levels left

rFire  . . .     SeeInvis .     h - +2 short sword (speed)
rCold  . . .     Clarity  .     k - +0 scale mail {rPois}
rNeg   . . .     SustAb   .     (no shield)
rPois  +         Gourm    .     (no helmet)
rElec  .         Spirit   .     (no cloak)
rCorr  .         Warding  .     (no gloves)
rMut   +         Stasis   .     (no boots)
MR     .....                    p - amulet of resist mutation
Stlth  ..........               (no ring)
                                (no ring)

@: not resistant to hostile enchantments, extremely unstealthy
A: change form in water, swift swim
a: no special abilities


You were on level 4 of the Dungeon.
You were not hungry.

You visited 1 branch of the dungeon, and saw 5 of its levels.

You collected 111 gold pieces.

Inventory:

Hand weapons
 a - a +0 spear
 b - a +0 spear
 h - a +2 short sword of speed (weapon)
 m - a +0 war axe
 o - a +0 halberd
 q - a +0 spear
 r - a +0 spear
 s - a +0 hand axe
 w - a +0 trident
 x - a +0 club
 y - a +0 hunting sling
 z - a +0 flail
Missiles
 e - 76 stones (quivered)
 f - 26 bolts
 i - 37 arrows
 t - 5 tomahawks
Armour
 d - a +0 pair of gloves
 g - a +0 ring mail
 k - a +0 scale mail of poison resistance (worn)
 u - a +0 chain mail
 A - a +0 ring mail
Jewellery
 p - an amulet of resist mutation (around neck)
Scrolls
 E - a scroll of enchant armour {unknown}
Potions
 l - a potion of heal wounds {unknown}
 D - a potion of curing {unknown}
 F - 2 potions of flight {unknown}
Books
 c - a book of Battle

   Spells                             Type                      Level
   a - Infusion                       Charms                       1
   b - Shroud of Golubria             Charms/Translocation         2
   c - Song of Slaying                Charms                       2
   d - Spectral Weapon                Hexes/Charms                 3
   e - Regeneration                   Charms/Necromancy            3
Comestibles
 j - a slice of pizza
 n - a meat ration
 v - a beef jerky
 B - a royal jelly
 C - 2 chunks of flesh


   Skills:
 + Level 3.1 Fighting
 + Level 2.2 Short Blades
 + Level 3.2 Polearms
 + Level 1.1 Throwing
 + Level 2.0 Armour
 + Level 4.0 Dodging
 + Level 1.0 Stealth
 + Level 2.5 Spellcasting
 + Level 4.1 Charms
 + Level 0.1 Translocations


You had 5 spell levels left.
You knew the following spells:

 Your Spells              Type           Power        Failure   Level  Hunger
a - Infusion              Chrm           ##....       21%         1    #......
b - Shroud of Golubria    Chrm/Tloc      #.........   67%         2    ###....
c - Song of Slaying       Chrm           ##......     28%         2    ###....


Dungeon Overview and Level Annotations

Branches:
Dungeon (5/15)
 Temple: D:4-7

Altars:
Elyvilon
Ru
Vehumet

Shops:
D:4 [


Message History

You blink.
Some of the chunks of flesh in your inventory have rotted away.
The centaur shoots an arrow of dispersal.
The arrow of dispersal barely misses you.
The centaur shoots an arrow of dispersal.
The arrow of dispersal hits you!
* * * LOW HITPOINT WARNING * * *
You blink.
The centaur shoots an arrow of dispersal.
The arrow of dispersal barely misses you.
There is a stone staircase leading up here.
You climb upwards.
The ogre shouts!
Found two items.
Found Erruoj's Armour Boutique.
There is a stone staircase leading down here.
Found a meat ration and a spear.
The gnoll shouts!
Some of the chunks of flesh in your inventory have rotted away.
The ogre hits you with a giant spiked club!
You die...

##..........<...............
.#.......................?..
.#...##....................#
....#............. ......##.
##.. #....(..#....###........
#..##.....##.###.....#....?#.#
......##.. ##.##..# #.>.....#
.<..# ... ##.....###.......#
..##.# ...#....@..#........#
##. .........O..........# ##
.......g%............#
..##...###....#.##...
##.....#∩##...### #..
#...##.#+#....# .#. #. .##..#
# ## ## #).# #..#


You could see an ogre and a gnoll.

Vanquished Creatures
  2 orc wizards
  2 worker ants (D:5)
  6 gnolls
  3 adders
  3 worms
  An adder zombie (D:3)
  7 orcs
  A bat skeleton (D:5)
  3 giant cockroaches (D:3)
  13 goblins
  7 hobgoblins
  6 jackals
  A ball python (D:1)
  7 bats
  2 giant geckos (D:3)
  6 giant newts
  8 kobolds
  A quokka (D:2)
  13 rats
92 creatures vanquished.

Notes
Turn   | Place    | Note
--------------------------------------------------------------
     0 | D:1      | oak1780, the Merfolk Skald, began the quest for the Orb.
     0 | D:1      | Reached XP level 1. HP: 16/16 MP: 3/3
   125 | D:1      | Reached XP level 2. HP: 18/23 MP: 0/4
   135 | D:1      | Learned a level 2 spell: Shroud of Golubria
   138 | D:1      | Learned a level 2 spell: Song of Slaying
  1001 | D:2      | Found a radiant altar of Vehumet.
  1756 | D:2      | Found a sacrificial altar of Ru.
  2172 | D:1      | Reached skill level 1 in Armour
  2172 | D:1      | Reached XP level 3. HP: 23/28 MP: 3/6
  2594 | D:2      | Reached XP level 4. HP: 26/34 MP: 4/7
  3510 | D:3      | Found a white marble altar of Elyvilon.
  3639 | D:3      | Reached skill level 1 in Short Blades
  4036 | D:3      | Reached skill level 1 in Throwing
  4036 | D:3      | Reached skill level 1 in Stealth
  4036 | D:3      | Reached skill level 4 in Charms
  4036 | D:3      | Reached XP level 5. HP: 35/40 MP: 3/9
  4798 | D:3      | Reached XP level 6. HP: 13/47 MP: 4/11
  5499 | D:5      | Entered Level 5 of the Dungeon
  5793 | D:4      | Found Erruoj's Armour Boutique.
  5793 | D:4      | Noticed an ogre
  5803 | D:4      | Slain by an ogre

Action                   |  1- 3 |  4- 6 || total
-------------------------+-------+-------++-------
Melee: Spear             |    41 |       ||    41
       Short sword       |    49 |   208 ||   257
Throw: Stone             |    45 |    85 ||   130
 Cast: Infusion          |    11 |    16 ||    27
       Song of Slaying   |     2 |     1 ||     3
       Shroud of Golubri |     1 |       ||     1
  Use: Scroll            |     3 |     4 ||     7
 Stab: Invisible         |     1 |       ||     1
       Paralysed         |       |     2 ||     2
  Eat: Chunk             |     1 |     6 ||     7
       Bread ration      |     1 |     1 ||     2
